AoeStats
← Barbeitus

Hill Fort

505560417Analyzed
2v2 RM · 22d ago on Sep 10, 2026· 78m 7s· 4 players
Game mode
Random Map
Map size
Medium (4 player)
Population
200
Speed
Normal
Resources
Standard
Victory
Conquest
Starting age
Dark Age
Ending age
Imperial Age
RankedLock teamsTeams togetherTeam positionsShared explorationLock speedFull tech treeHidden civsTurbo modeCheats
Victory
Defeat
🇧🇴 Britons · Bolivia
761
+11
🇧🇴 Persians · Bolivia
755
+11
🇺🇸 Inca · United States
709
-13
🇺🇸 Poles · United States
593
-9
curses
10:46 Feudal Age
9:14 Loom
14:55 Stone Mining
15:48 Wheelbarrow
16:02 Wheelbarrow
15:22 Town Watch
16:10 Arson
15:46 Man-at-Arms
18:47 Horse Collar
21:03 Bloodlines
25:36 Gold Mining
29:31 Castle Age
27:41 Double-Bit Axe
33:00 Hand Cart
32:47 Town Patrol
33:31 Light Cavalry
34:12 Husbandry
37:22 Stone Shaft Mining
39:38 Imperial Age
42:09 Crossbowman
42:55 Thumb Ring
42:16 Winged Hussar
43:25 Conscription
46:10 Heavy Plow
47:12 Hoardings
48:19 Husbandry
48:02 Pikeman
48:43 Squires
48:06 Long Swordsman
49:21 Elite Skirmisher
50:12 Two-Handed Swordsman
52:33 Elite Obuch
55:45 Two-Handed Swordsman
56:32 Husbandry
59:55 Arbalester
61:11 Szlachta Privileges
62:39 Lechitic Legacy
66:10 Sappers
68:40 Cavalier
69:43 Champion
peas pottage
8:04 Loom
8:09 Loom
10:36 Feudal Age
11:59 Double-Bit Axe
11:57 Horse Collar
12:49 Champi Runner
16:43 Arson
18:51 Wheelbarrow
18:56 Town Watch
21:01 Forging
20:54 Scale Mail Armor
24:24 Castle Age
22:30 Stone Mining
22:38 Fletching
23:42 Padded Archer Armor
25:47 Champi Warrior
25:50 Pikeman
27:33 Bow Saw
27:42 Town Patrol
29:20 Heavy Plow
30:33 Squires
32:40 Elite Skirmisher
34:32 Andean Sling
35:53 Hand Cart
37:25 Iron Casting
37:38 Gold Mining
38:28 Stone Shaft Mining
42:15 Imperial Age
42:08 Thumb Ring
43:48 Bodkin Arrow
44:09 Leather Archer Armor
44:42 Crop Rotation
44:48 Gold Shaft Mining
44:54 Gold Shaft Mining
45:11 Ballistics
45:53 Chemistry
45:05 Onager
46:17 Onager
47:58 Siege Engineers
47:57 Elite Champi Warrior
49:10 Elite Kamayuk
50:44 Scale Mail Armor
51:45 Blast Furnace
51:51 Chain Mail Armor
52:16 Bracer
53:54 Conscription
57:30 Plate Mail Armor
59:50 Capped Ram
61:38 Siege Ram
63:37 Halberdier
77:16 Block Printing
Barbeitus
11:24 Feudal Age
11:52 Double-Bit Axe
11:49 Horse Collar
13:54 Wheelbarrow
14:53 Loom
16:16 Gold Mining
20:10 Castle Age
22:55 Gold Shaft Mining
22:18 Stone Mining
22:30 Heavy Plow
22:42 Bow Saw
22:14 Crossbowman
25:03 Hand Cart
26:03 Fletching
29:42 Ballistics
30:42 Bodkin Arrow
30:47 Padded Archer Armor
30:15 Pikeman
30:56 Squires
33:18 Yeomen
34:19 Scale Mail Armor
34:30 Forging
34:37 Leather Archer Armor
38:13 Imperial Age
37:47 Town Watch
38:17 Arbalester
39:06 Caravan
40:17 Halberdier
42:37 Chemistry
42:38 Elite Longbowman
48:55 Warwolf
50:15 Bracer
50:46 Ring Archer Armor
50:52 Iron Casting
50:33 Chain Mail Armor
50:07 Arrowslits
59:57 Fortified Wall
67:32 Two-Man Saw
71:50 Arson
Polar
10:56 Feudal Age
12:08 Wheelbarrow
18:14 Double-Bit Axe
22:07 Castle Age
25:41 Stone Mining
26:10 Bow Saw
25:53 Town Watch
27:27 Hand Cart
27:13 Town Patrol
28:35 Stone Shaft Mining
27:54 Gold Mining
28:32 Scale Barding Armor
28:29 Scale Mail Armor
28:39 Forging
29:01 Caravan
29:31 Coinage
34:06 Imperial Age
35:03 Pikeman
35:45 Squires
36:49 Gold Shaft Mining
37:28 Chain Barding Armor
37:44 Conscription
37:40 Citadels
37:24 Gambesons
37:40 Horse Collar
39:05 Heavy Plow
39:22 Loom
40:32 Crop Rotation
41:02 Halberdier
42:06 Elite War Elephant
42:17 Elite War Elephant
42:34 Sappers
44:52 Banking
44:33 Guilds
45:16 Kamandaran
45:16 Heavy Camel Rider
45:57 Husbandry
46:08 Bloodlines
47:39 Plate Barding Armor
47:19 Chain Mail Armor
47:40 Iron Casting
48:37 Crossbowman
49:22 Thumb Ring
53:28 Guilds
55:00 Plate Mail Armor
55:30 Blast Furnace
54:31 Padded Archer Armor
54:21 Fletching
56:01 Cavalier
60:33 Savar
62:33 Blast Furnace
61:48 Leather Archer Armor
61:29 Bodkin Arrow
62:34 Ballistics
63:28 Chemistry
62:22 Heated Shot
63:03 Masonry
69:57 Ring Archer Armor
Connection lost

Rejoining the realm…

Still unreachable

The connection could not be restored.

Session expired

The server has moved on; the page needs a fresh start.